 Dungeon Crawl Stone Soup version 0.31-a0-174-g85c54bcb58 (webtiles) character file.

Game seed: 2132258890301402961

114 qw the Shooter (level 4, -17/42 HPs)
             Began as a Naga Hunter on June 15, 2023.
             Demolished by an ogre
             ... wielding a +0 giant club
              (31 damage)
             ... on level 4 of the Dungeon.
             The game lasted 00:00:50 (2736 turns).

qw the Shooter (Naga Hunter)                        Turns: 2736, Time: 00:00:51

Health: -17/42     AC:  3    Str: 19    XL:     4   Next: 97%
Magic:  4/4        EV:  9    Int: 10    God:
Gold:   100        SH:  0    Dex: 16    Spells: 3/3 levels left

rFire   . . .        Y - +0 shortbow
rCold   . . .        (shield currently unavailable)
rNeg    . . .        c - +0 leather armour
rPois   +            (no helmet)
rElec   .            h - +0 cloak
rCorr   .            (no gloves)
SInv    +            (no barding)
Will    .....        (no amulet)
Stlth   ++           e - +6 ring of strength
HPRegen 0.27/turn    (no ring)
MPRegen 0.09/turn

%: no passive effects
@: short of breath, very slow
A: AC +1, large, see invisible, deformed body, poison resistance, slowness 2,
spit poison 1, naga tail 1
a: Spit Poison


You were on level 4 of the Dungeon.
You visited 1 branch of the dungeon, and saw 4 of its levels.

You collected 100 gold pieces.


Innate Abilities, Weirdness & Mutations

Your serpentine skin is tough. (AC +1)
You have supernaturally acute eyesight. (SInv)
Armour fits poorly on your strangely shaped body.
Your system is resistant to poisons. (rPois)
You cover ground very slowly.
You can spit poison.
You have a snake-like lower body.


   Skills:
 - Level 3.2 Fighting
 + Level 5.0 Ranged Weapons
 - Level 1.5 Dodging
 - Level 1.5 Stealth


You had 3 spell levels left.
You didn't know any spells.
Your spell library was empty.

Inventory:

Hand Weapons
 Y - a +0 shortbow (weapon)
Armour
 c - a +0 leather armour (worn)
 h - a +0 cloak (worn)
Jewellery
 e - a +6 ring of strength (left hand)
 i - a ring of fire
Scrolls
 a - a scroll of identify
Potions
 b - 2 potions of heal wounds {unknown}
 d - a potion of resistance {unknown}
 f - 2 potions of might
 g - a potion of brilliance {unknown}
 k - a potion of haste {unknown}

Dungeon Overview and Level Annotations

Branches:
Dungeon (4/15)
 Temple: D:4-7

Altars:
Cheibriados
Dithmenos
Vehumet

Annotations:
D:2 exclusion: spectral thing
D:4 Menkaure


Message History

Enter note:
Enter note:
Enter note: You shoot an arrow.
The arrow hits the endoplasm!
You kill the endoplasm!
You feel your intelligence returning.
i - a ring of fire
Enter note:
Enter note:
Enter note: You now have 100 gold pieces (gained 7).
You open the door.
Menkaure, Prince of Dust comes into view.
Enter note:
Enter note:
Enter note: You shoot an arrow.
The arrow hits Menkaure.
Menkaure shouts!
Menkaure is moderately damaged.
You hear a shout!
An ogre comes into view. It is wielding a +0 giant club.
Menkaure calls on the powers of darkness!
Your body is wracked with pain!
The ogre convulses!
You shoot an arrow. The arrow hits Menkaure!
Menkaure is heavily damaged.
You shoot an arrow. The arrow hits Menkaure.
Menkaure is severely damaged.
Menkaure barely misses you.
You shoot an arrow. The arrow closely misses Menkaure.
Menkaure closely misses you.
You shoot an arrow. The arrow closely misses Menkaure.
Menkaure hits you!
2736 ||| INVOKING Spit Poison.
Aiming: Spit Poison (1% risk of failure)
Press: ? - help, Shift-Dir - straight line, f - ogre, p - Menkaure The splash of poison hits the ogre.
The ogre is poisoned.
The ogre is heavily wounded.
The ogre hits you with a +0 giant club!!
Ouch! That really hurt!
You die...

###.....###.....#######.#.####
#...#.........'.....#.#....####
#...####......#####.#.#.##.....
##### ##.#...<.....##########.
#.#...################.
#.#..#.......#.#.#.#.#.
#.#..#.#####...........
#.#..#.# ###.#.#.#.## #.#..#@#
######### #.##..OM.#
#.##........ +.....#### #..>..#
#.....# #.....# #.....#


You could see an ogre (poisoned) and Menkaure.

Vanquished Creatures
  A hound (D:4)
  A worm (D:2)
  10 dart slugs
  10 endoplasms
  3 giant cockroaches
  2 goblins
  6 hobgoblins
  3 jackals (D:1)
  3 quokkas
  3 ball pythons (D:2)
  3 bats
  2 frilled lizards
  4 kobolds
  2 rats
  A spectral kobold (D:2)
54 creatures vanquished.

Notes
Turn   | Place    | Note
-------+----------+-------------------------------------------
     0 | D:1      | qw the Naga Hunter began the quest for the Orb.
     0 | D:1      | Reached XP level 1. HP: 19/19 MP: 1/1
     0 | D:1      | 0 ||| qw: Version: 0.2-a-29-g511e9b1
     0 | D:1      | 0 ||| qw: Game counter: 5234
     0 | D:1      | 0 ||| qw: Always use a shield: true
     0 | D:1      | 0 ||| qw: God list: Okawaru
     0 | D:1      | 0 ||| qw: Allow faded altars: false
     0 | D:1      | 0 ||| qw: Do Orc after D:15 true
     0 | D:1      | 0 ||| qw: Do second Lair branch before Depths: true
     0 | D:1      | 0 ||| qw: Lair rune preference: random
     0 | D:1      | 0 ||| qw: Plans: Normal
     0 | D:1      | 0 ||| PLANNING D:1-11
    28 | D:1      | 28 ||| INVOKING Spit Poison.
    53 | D:1      | 53 ||| INVOKING Spit Poison.
    56 | D:1      | 56 ||| INVOKING Spit Poison.
    59 | D:1      | 59 ||| INVOKING Spit Poison.
   213 | D:1      | 213 ||| INVOKING Spit Poison.
   217 | D:1      | Reached skill level 4 in Ranged Weapons
   217 | D:1      | Reached XP level 2. HP: 22/26 MP: 2/2
   255 | D:1      | 255 ||| INVOKING Spit Poison.
   277 | D:1      | 277 ||| INVOKING Spit Poison.
   315 | D:1      | 315 ||| INVOKING Spit Poison.
   352 | D:1      | 352 ||| INVOKING Spit Poison.
   370 | D:1      | 370 ||| INVOKING Spit Poison.
   375 | D:1      | 375 ||| INVOKING Spit Poison.
   430 | D:1      | 430 ||| INVOKING Spit Poison.
   863 | D:1      | 863 ||| READING scroll labelled ZEUQES IHEIWN.
   864 | D:1      | 864 ||| DROPPING scroll of butterflies.
   976 | D:2      | 976 ||| INVOKING Spit Poison.
   994 | D:2      | Reached XP level 3. HP: 32/32 MP: 3/3
  1005 | D:2      | 1005 ||| INVOKING Spit Poison.
  1010 | D:2      | 1010 ||| INVOKING Spit Poison.
  1016 | D:2      | Identified the +8 spear of Devis Ziugaa {freeze, *Noise
                  | rF++ Int+4 SInv}
  1018 | D:2      | 1018 ||| INVOKING Spit Poison.
  1029 | D:2      | 1029 ||| INVOKING Spit Poison.
  1100 | D:2      | 1100 ||| INVOKING Spit Poison.
  1118 | D:2      | 1118 ||| INVOKING Spit Poison.
  1153 | D:2      | 1153 ||| UPGRADING to +0 cloak.
  1158 | D:2      | 1158 ||| READING scroll labelled SAEX PIONUI.
  1164 | D:2      | 1164 ||| INVOKING Spit Poison.
  1174 | D:2      | Found a faded altar of an unknown god.
  1251 | D:2      | 1251 ||| INVOKING Spit Poison.
  1345 | D:2      | 1345 ||| INVOKING Spit Poison.
  1502 | D:2      | 1502 ||| DROPPING ring of magical power.
  1503 | D:2      | 1503 ||| READING scroll labelled UHUMOPLI NITU.
  1504 | D:2      | 1504 ||| READING scroll labelled HOFAIN VORAEBA.
  1605 | D:2      | 1605 ||| DRINKING 2 fizzy ruby potions.
  1625 | D:2      | 1625 ||| DRINKING 2 lumpy ruby potions.
  1626 | D:2      | 1626 ||| DRINKING 2 fuming blue potions.
  1627 | D:2      | 1627 ||| DROPPING potion of lignification.
  1628 | D:2      | 1628 ||| DROPPING potion of degeneration.
  1639 | D:3      | 1639 ||| INVOKING Spit Poison.
  1641 | D:3      | 1641 ||| STAIRDANCE
  1673 | D:3      | 1673 ||| INVOKING Spit Poison.
  1680 | D:3      | 1680 ||| INVOKING Spit Poison.
  1681 | D:3      | Reached skill level 5 in Ranged Weapons
  1681 | D:3      | Reached XP level 4. HP: 39/39 MP: 4/4
  1694 | D:3      | 1694 ||| FLEEEEING.
  1695 | D:3      | 1695 ||| STAIRDANCE
  1710 | D:2      | 1710 ||| UPGRADING to +6 ring of strength.
  1713 | D:3      | 1713 ||| INVOKING Spit Poison.
  1746 | D:3      | 1746 ||| INVOKING Spit Poison.
  1751 | D:3      | 1751 ||| INVOKING Spit Poison.
  1754 | D:3      | 1754 ||| INVOKING Spit Poison.
  1793 | D:3      | 1793 ||| INVOKING Spit Poison.
  1798 | D:3      | 1798 ||| INVOKING Spit Poison.
  1944 | D:3      | Found a snail-covered altar of Cheibriados.
  1944 | D:3      | Found a shadowy altar of Dithmenos.
  1944 | D:3      | Found a radiant altar of Vehumet.
  2038 | D:3      | 2038 ||| INVOKING Spit Poison.
  2041 | D:3      | 2041 ||| INVOKING Spit Poison.
  2099 | D:3      | 2099 ||| INVOKING Spit Poison.
  2281 | D:3      | 2281 ||| INVOKING Spit Poison.
  2343 | D:3      | 2343 ||| READING scroll labelled QEJAOTS UTAE.
  2416 | D:3      | 2416 ||| READING scroll labelled MIAVUKLOVIGH.
  2419 | D:3      | 2419 ||| DRINKING 2 dark potions.
  2420 | D:3      | 2420 ||| DROPPING potion of attraction.
  2476 | D:4      | 2476 ||| INVOKING Spit Poison.
  2482 | D:4      | 2482 ||| INVOKING Spit Poison.
  2486 | D:4      | 2486 ||| INVOKING Spit Poison.
  2489 | D:4      | 2489 ||| INVOKING Spit Poison.
  2490 | D:4      | Reached skill level 3 in Fighting
  2692 | D:4      | 2692 ||| INVOKING Spit Poison.
  2730 | D:4      | Noticed Menkaure
  2731 | D:4      | Noticed an ogre
  2736 | D:4      | 2736 ||| INVOKING Spit Poison.
  2736 | D:4      | Demolished by an ogre

Levels and vault maps discovered:
D:1:      nicolae_arrival_memento_mori, layout_loops_corners
D:2:      layout_loops_ring, dreamdust_ecumenical_altar_drowned_temple,
          minmay_diced_spiral
D:3:      kennysheep_slugbush, layout_loops_ring, minitemple
D:4:      layout_basic, minmay_misc_feat_hallway, uniq_menkaure

Skill      XL: |  1  2  3  4 |
---------------+-------------+-----
Ranged Weapons | 4 5 |  5.0
Fighting       | 3 |  3.2
Dodging        | |  1.5
Stealth        | |  1.5

Action                     |  1- 3 |  4- 6 || total
---------------------------+-------+-------++-------
   Fire: Shortbow          |    72 |    43 ||   115
Ability: Spit Poison       |    25 |    16 ||    41
    Use: Scroll            |     4 |     2 ||     6
         Potion            |     3 |     1 ||     4
 Armour: Leather armour    |     4 |     9 ||    13
  Dodge: Dodged            |    13 |    15 ||    28

Table legend:
 A = Non-vault XP
 B = Vault XP
 C = Vault XP percentage of total XP
 D = Non-vault monster count
 E = Vault monster count
 F = Vault count percentage of total count
                 A         B        C        D         E       F
            +---------+---------+-------+---------+---------+-------
      Total |     124 |      39 |  23.9 |      42 |      12 |  22.2
            +---------+---------+-------+---------+---------+-------
        D:1 |      29 |       0 |   0.0 |      15 |       0 |   0.0
        D:2 |      28 |       7 |  20.0 |      15 |       4 |  21.1
        D:3 |      18 |      32 |  64.0 |       9 |       8 |  47.1
        D:4 |      49 |       0 |   0.0 |       3 |       0 |   0.0
            +---------+---------+-------+---------+---------+-------
